 Dungeon Crawl Stone Soup version 0.29.0-4-gdea44cf6ec (webtiles) character file.

Game seed: 10513095747966754786

39 qw the Chopper (level 3, 0/21 HPs)
             Began as a Tengu Warper on Aug 28, 2022.
             Succumbed to an adder's poison
             ... on level 2 of the Dungeon.
             The game lasted 00:00:07 (1448 turns).

qw the Chopper (Tengu Warper)                       Turns: 1448, Time: 00:00:07

Health: 0/21       AC:  3    Str: 13    XL:     3   Next: 47%
Magic:  7/7        EV: 12    Int: 13    God:
Gold:   34         SH:  0    Dex: 13    Spells: 6/6 levels left

rFire   . . .      SeeInvis .   Y - +0 hand axe
rCold   . . .      Faith    .   (no shield)
rNeg    + . .      Spirit   .   b - +0 leather armour
rPois   .          Reflect  .   (helmet restricted)
rElec   .          Harm     .   (no cloak)
rCorr   .          Rampage  .   (no gloves)
Will    .....                   (boots unavailable)
Stlth   +.........              (no amulet)
HPRegen 0.07/turn               e - ring of positive energy
MPRegen 0.10/turn               (no ring)

@: lethally poisoned (0 -> -4)
A: beak, talons 3
a: no special abilities


You were on level 2 of the Dungeon.
You visited 1 branch of the dungeon, and saw 2 of its levels.

You collected 34 gold pieces.


Innate Abilities, Weirdness & Mutations

You have a beak for a mouth.
You have claws for feet.


   Skills:
 - Level 2.0 Fighting
 + Level 4.2 Axes
 - Level 1.0 Throwing
 - Level 1.1 Armour
 - Level 2.1 Dodging
 - Level 2.0 Spellcasting
 - Level 2.4 Translocations


You had 6 spell levels left.
You didn't know any spells.
Your spell library contained the following spells:

 Spells                   Type           Power      Damage    Failure   Level
 Blink                    Tloc           14%        N/A       19%         2
 Gell's Gravitas          Tloc           7%         N/A       36%         3
 Lesser Beckoning         Tloc           7%         N/A       36%         3
 Teleport Other           Tloc           7%         N/A       36%         3
 Manifold Assault         Tloc           7%         N/A       98%         5

Inventory:

Hand Weapons
 k - a +0 whip
 Y - a +0 hand axe (weapon)
Armour
 b - a +0 leather armour (worn)
Jewellery
 e - a ring of positive energy (left hand)
Scrolls
 a - a scroll of identify
Potions
 d - a potion of attraction {unknown}
 f - a potion of mutation {unknown}
 i - a potion of cancellation {unknown}
 o - a potion of curing {unknown}

Dungeon Overview and Level Annotations

Branches:
Dungeon (2/15)

Altars:

Annotations:
D:2 Sigmund


Message History

Sigmund shouts!
You hear an angry hiss.
1436 ||| Stepping ~*~*~tactically~*~*~ (hiding).
Found 18 gold pieces.
Sigmund casts a spell at you. You resist with significant effort.
You see here a fuming white potion.
An adder comes into view.
The adder hisses angrily.
Sigmund casts a spell at you. The puff of flame hits you!
You hit Sigmund. Your peck misses Sigmund.
Sigmund is lightly wounded.
Sigmund casts a spell at you.
You are confused.
A quokka comes into view.
Sigmund closely misses you.
You see here a fuming white potion.
You bump into the rock wall.
Sigmund barely misses you.
You bump into the rock wall.
Sigmund gestures wildly while chanting.
Sigmund flickers and vanishes!
Deactivating autopickup; reactivate with Ctrl-A.
You're too confused to move!
You feel less confused. The adder bites you.
You are poisoned.
The adder poisons you!
You barely miss the adder.
You feel sick. The adder barely misses you. The adder bites you.
You are more poisoned.
The adder poisons you!
You barely miss the adder. You claw the adder, but do no damage.
You peck the adder.
The adder is heavily wounded.
You feel sick. Something hits you. The adder bites you but does no damage.
You barely miss the adder. You claw the adder, but do no damage.
Your peck misses the adder.
The adder is heavily wounded.
You die... .##. .... #.$# #[.# 777

#..# 77~~7#..#
.~~~.)..###
P~~~7...!.####
7 777.###S@.)#
77......###.#
77.......# #
7........#
77........#
#.........#
#.........#
#.........#
#.........#


You could see an adder.

Vanquished Creatures
  A worm (D:2)
  2 dart slugs (D:1)
  2 endoplasms (D:1)
  A giant cockroach (D:1)
  A goblin (D:1)
  4 hobgoblins (D:1)
  4 jackals (D:1)
  A kobold (D:1)
  2 quokkas (D:1)
  2 ball pythons
  3 bats (D:1)
  2 frilled lizards (D:1)
  5 rats (D:1)
30 creatures vanquished.

Notes
Turn   | Place    | Note
-------+----------+-------------------------------------------
     0 | D:1      | qw the Tengu Warper began the quest for the Orb.
     0 | D:1      | Reached XP level 1. HP: 12/12 MP: 4/4
     0 | D:1      | 0 ||| qw: Version: 0.1-a-89-g26bdef1
     0 | D:1      | 0 ||| qw: Game counter: 3386
     0 | D:1      | 0 ||| qw: Always use a shield: true
     0 | D:1      | 0 ||| qw: God list: Okawaru
     0 | D:1      | 0 ||| qw: Allow faded altars: false
     0 | D:1      | 0 ||| qw: Do Orc after D:15 true
     0 | D:1      | 0 ||| qw: Do second Lair branch before Depths: true
     0 | D:1      | 0 ||| qw: Lair rune preference: random
     0 | D:1      | 0 ||| qw: Plans: Normal
     0 | D:1      | 0 ||| PLANNING D:1-11
    64 | D:1      | 64 ||| Stepping ~*~*~tactically~*~*~ (stealth).
    65 | D:1      | 65 ||| Stepping ~*~*~tactically~*~*~ (stealth).
   114 | D:1      | 114 ||| Stepping ~*~*~tactically~*~*~ (stealth).
   115 | D:1      | 115 ||| Stepping ~*~*~tactically~*~*~ (stealth).
   122 | D:1      | 122 ||| Stepping ~*~*~tactically~*~*~ (stealth).
   123 | D:1      | 123 ||| Stepping ~*~*~tactically~*~*~ (stealth).
   125 | D:1      | 125 ||| Stepping ~*~*~tactically~*~*~ (stealth).
   135 | D:1      | Reached skill level 3 in Axes
   135 | D:1      | Reached XP level 2. HP: 10/17 MP: 6/6
   323 | D:1      | 323 ||| Stepping ~*~*~tactically~*~*~ (stealth).
   422 | D:1      | 422 ||| Stepping ~*~*~tactically~*~*~ (stealth).
   893 | D:1      | Reached XP level 3. HP: 20/21 MP: 7/7
  1116 | D:1      | Reached skill level 4 in Axes
  1197 | D:1      | Found a faded altar of an unknown god.
  1360 | D:1      | 1360 ||| UPGRADING to ring of positive energy.
  1361 | D:1      | 1361 ||| READING scroll labelled OMULLU DACAU.
  1362 | D:1      | 1362 ||| READING scroll labelled ZAWKOO DUATI.
  1363 | D:1      | 1363 ||| READING scroll labelled DOURHI LIGECI.
  1364 | D:1      | 1364 ||| READING scroll labelled FIP JEOSYOTSEH.
  1365 | D:1      | 1365 ||| READING scroll labelled COEWNI YNOGUAG.
  1366 | D:1      | 1366 ||| READING scroll labelled JAELEGAVENG.
  1367 | D:1      | 1367 ||| DROPPING scroll of blinking.
  1383 | D:2      | 1383 ||| STAIRDANCE
  1435 | D:2      | Noticed Sigmund
  1436 | D:2      | 1436 ||| Stepping ~*~*~tactically~*~*~ (hiding).
  1447 | D:2      | HP: 2/21 [something (4)]
  1448 | D:2      | Succumbed to an adder's poison

Levels and vault maps discovered:
D:1:      dpeg_arrival_long_road, layout_basic, basic_ecumenical_altar,
          st_stairs_12
D:2:      layout_rooms, chequers_arboretum, serial_bayou_crossing, uniq_sigmund,
          uniq_natasha

Skill      XL: |  1  2  3 |
---------------+----------+-----
Axes           | 3 4 |  4.2
Fighting       | |  2.0
Throwing       | |  1.0
Armour         | |  1.1
Dodging        | |  2.1
Spellcasting   | |  2.0
Translocations | |  2.4

Action                   || total
-------------------------++-------
Melee: Hand axe          ||    68
       Kick              ||    14
       Peck              ||     9
Throw: Boomerang         ||     7
  Use: Scroll            ||     6
Armor: Leather armour    ||    25
Dodge: Dodged            ||    47

Table legend:
 A = Non-vault XP
 B = Vault XP
 C = Vault XP percentage of total XP
 D = Non-vault monster count
 E = Vault monster count
 F = Vault count percentage of total count
                 A         B        C        D         E       F
            +---------+---------+-------+---------+---------+-------
      Total |      55 |       2 |   3.5 |      29 |       1 |   3.3
            +---------+---------+-------+---------+---------+-------
        D:1 |      48 |       2 |   4.0 |      27 |       1 |   3.6
        D:2 |       7 |       0 |   0.0 |       2 |       0 |   0.0
            +---------+---------+-------+---------+---------+-------
